 Dungeon Crawl Stone Soup version 0.31-a0-523-g071a6c1ffa (webtiles) character file.

Game seed: 3066712239160872534

61001 MackTheKnife the Grappler (level 13, 0/116 HPs)
             Began as a White Draconian Shapeshifter on Aug 11, 2023.
             Was a High Priest of Ru.
             Killed by an exploding storm dragon simulacrum (35 damage)
             ... ignited by their inner flame
             ... in an ice cave.
             The game lasted 00:36:41 (18477 turns).

MackTheKnife the Grappler (DrSh)                   Turns: 18477, Time: 00:36:42

Health: 0/116      AC: 16    Str: 18    XL:     13   Next: 59%
Magic:  13/13      EV: 17    Int:  9    God:    Ru [*****.]
Gold:   1823       SH:  0    Dex: 14    Spells: 12/12 levels left

rFire   . .          .
                       - Unarmed
rCold   + + .        (shield currently unavailable)
rNeg    . . .        (body armour unavailable)
rPois   +            (helmet restricted)
rElec   +            d - +0 cloak
rCorr   .            j - +0 pair of gloves
SInv    .            L - +1 pair of boots
Will    .....        K - amulet of regeneration {@e2} Stlth
                     h - +4 ring of protection
HPRegen 1.19/turn    N - ring "Jefonn" {rElec rPois rC+}
MPRegen 0.13/turn

%: no passive effects
@: flux-form, glowing
A: glow, contaminating, breathe frost, AC +8, unfitting armour, clumsy 1, cold
resistance 1, cold-blooded, no stealth, hated by all, no fire magic, no hexes
magic, no summoning magic, inexperienced 1, wild magic 1
a: Breathe Frost, Begin Untransformation, Renounce Religion, Draw Out Power,
Power Leap, Apocalypse


You were in an ice cave.
You worshipped Ru.
Ru was extremely pleased with you.
You were something dangerously unstable.
You visited 3 branches of the dungeon, and saw 19 of its levels.
You also visited: Ossuary, Ice Cave and Volcano.

You collected 1823 gold pieces.


Innate Abilities, Weirdness & Mutations

You are something dangerously unstable.
You glow with magical radiation, making you easy to see and hit.
Foes you strike become dangerously contaminated with magical radiation.
You are incapable of wielding weapons or throwing items.
You can breathe waves of freezing cold which knock back foes.
Your icy white scales are hard. (AC +8)
You cannot fit into any form of body armour.
You are clumsy. (Dex -2)
Your flesh is cold resistant. (rC+)
You are cold-blooded and may be slowed by cold attacks.
You cannot be stealthy.
You are hated by all.
You cannot study or cast Fire magic.
You cannot study or cast Hexes magic.
You cannot study or cast Summoning magic.
You are somewhat inexperienced. (-1 XL)
Your spells are a little harder to cast, but a little more powerful.


   Skills:
 + Level 11.5 Fighting
 + Level 11.1 Dodging
 - Level 14.0 Unarmed Combat
 - Level 6.0 Evocations
 - Level 13.0 Shapeshifting


You had 12 spell levels left.
You didn't know any spells.
Your spell library contained the following spells:

 Spells                   Type           Power      Damage    Failure   Level
 Apportation              Tloc           0%         N/A       47%         1
 Passwall                 Tmut/Erth      0%         N/A       61%         2
 Ozocubu's Armour         Ice            0%         N/A       83%         3
 Swiftness                Air            0%         N/A       83%         3
 Vampiric Draining        Necr           0%         2d6       83%         3
 Manifold Assault         Tloc           0%         N/A       99%         4
 Alistair's Intoxication  Tmut/Pois      0%         N/A       100%        5
 Borgnjor's Vile Clutch   Necr/Erth      0%         N/A       100%        5
 Dispersal                Tloc           0%         N/A       100%        6
 Eringya's Noxious Bog    Tmut/Pois      0%         4d6       100%        6
 Ozocubu's Refrigeration  Ice            0%         4d7       100%        7
 Disjunction              Tloc           0%         N/A       100%        8
 Slow                     Hex            Unusable   N/A       N/A         1
 Ensorcelled Hibernation  Hex/Ice        Unusable   N/A       N/A         2
 Confusing Touch          Hex            Unusable   N/A       N/A         3
 Malign Gateway           Summ/Tloc      Unusable   N/A       N/A         7
 Summon Horrible Things   Summ           Unusable   N/A       N/A         8

Inventory:

Missiles
 G - 32 poisoned darts {throwing}
 H - 6 curare-tipped darts (quivered) {=fthrowing}
Armour
 d - a +0 cloak (worn)
   (You found it on level 9 of the Dungeon)
 j - a +0 pair of gloves (worn)
   (You found it on level 2 of the Dungeon)
 L - a +1 pair of boots (worn)
   (You found it on level 7 of the Dungeon)
Jewellery
 f - a ring of protection from cold
   (You found it on level 1 of the Dungeon)
 h - a +4 ring of protection (left hand)
   (You found it on level 10 of the Dungeon)
 n - a +5 ring of evasion
   (You found it on level 10 of the Dungeon)
 o - a +4 ring of protection
   (You found it on level 3 of the Dungeon)
 J - a ring of willpower
   (You found it on level 6 of the Dungeon)
 K - an amulet of regeneration (around neck) {@e2}
   (You took it off an orc on level 7 of the Dungeon)
 N - the ring "Jefonn" (right hand) {rElec rPois rC+}
   (You acquired it on level 3 of the Lair of Beasts)

   [ring of poison resistance]

   rC+:       It protects you from cold.
   rElec:     It insulates you from electricity.
   rPois:     It protects you from poison
 R - a +6 ring of dexterity
   (You found it on level 15 of the Dungeon)
Talismans
 b - a beast talisman
 c - a flux talisman (active)
 l - a serpent talisman
   (You found it on level 10 of the Dungeon)
Wands
 s - a wand of acid (2)
   (You found it on level 1 of the Lair of Beasts)
 F - a wand of paralysis (11)
   (You took it off Ijyb on level 5 of the Dungeon)
 I - a wand of polymorph (17)
   (You found it on level 6 of the Dungeon)
 M - a wand of flame (44)
   (You took it off an orc wizard on level 7 of the Dungeon)
Scrolls
 a - a scroll of fog
 i - a scroll of enchant armour
 p - 5 scrolls of teleportation {@r4}
 x - a scroll of fear
 y - a scroll of poison {!r}
 A - 2 scrolls of revelation
 B - a scroll of summoning
 O - a scroll of vulnerability {!r!r}
 P - a scroll of identify {@r1}
 Q - a scroll of silence {!r}
Potions
 g - 5 potions of heal wounds {@q2}
 k - a potion of attraction {!q}
 m - 2 potions of haste {@q3}
 q - 3 potions of brilliance
 r - 2 potions of enlightenment {unknown}
 t - 9 potions of curing {@q1}
 u - 3 potions of might
 v - 3 potions of ambrosia {unknown}
 z - 2 potions of degeneration {unknown}
 C - a potion of invisibility
 D - a potion of magic {unknown}
 E - a potion of resistance {unknown}

Dungeon Overview and Level Annotations

Branches:
Dungeon (15/15) Zot: 26769  Temple (1/1) D:5 Zot: 5963    Lair (5/5) D:10 Zot: 24708
  Swamp (0/4) Lair:3        Snake (0/4) Lair:2        Slime (0/5) Lair:4
    Orc (0/2) D:12         Depths (0/4) D:15        Ossuary (visited)
  IceCv (1/1) Zot: 5880   Volcano (visited)
 Vaults: D:13-14

Altars:
Ashenzari
Cheibriados
Dithmenos
Elyvilon
Gozag
Kikubaaqudgha
Makhleb
Nemelex Xobeh
Okawaru
Qazlal
Ru
Sif Muna
Trog
Uskayaw
Vehumet
Wu Jian
Xom
Zin
The Shining One

Shops:
D:2 (   D:6 *   D:15 *

Portals:
Hell: Lair:5

Annotations:
D:4 1 runed translucent door, Crazy Yiuf
D:5 2 transporters, Maratek's ghost, amateur DrCj
D:7 3 runed translucent doors, Zgarb's ghost, novice VSBr
D:12 1 runed translucent door

........ ........
........ ......
..... #. #...
##$§○##### #..
#))§§§§B.## #..
.$)§§§○#..# #####.
.#.#§###..#
###.#### # #...##
###.....#.
#..#.#####...#.#...
##..##.#...#####...
##......### #...
###.#### ##.. ###
##..


There were no monsters in sight!


Message History

The storm dragon simulacrum completely resists.
The blast of cold misses you. 😮 HP[-5]
You take 5 damage, and now have 78/116 hp.
You punch the storm dragon simulacrum!
The storm dragon simulacrum shudders as magic cascades through it!!! 😮 HP[+1]
You hit the ice dragon.
The ice dragon begins to glow.
You tail-slap the ice dragon, but do no damage. 😮 HP[+1]
You punch the ice dragon!
The ice dragon glows dangerously bright.
The ice dragon bites you.
The ice dragon claws you but does no damage.
The ice dragon tramples you but does no damage.
You hit the ice dragon but do no damage.
The ice dragon shudders as magic cascades through it!
The ice dragon twists and deforms.
The ice dragon is stunned by your conviction and fails to attack. 😮 HP[+1]
You hit the ice dragon.
You kill the ice dragon! 😮 HP[+1]
You start resting. 😎 HP[+34]
Your hp is fully restored (116).
A storm dragon simulacrum comes into view.
A storm dragon simulacrum is nearby!
A storm dragon simulacrum is nearby!
A storm dragon simulacrum is nearby!
You punch the storm dragon simulacrum!
The storm dragon simulacrum begins to glow.
You hit the storm dragon simulacrum.
The storm dragon simulacrum glows dangerously bright.
The storm dragon simulacrum bites you but does no damage.
The storm dragon simulacrum claws you but does no damage.
The storm dragon simulacrum tramples you but does no damage.
You punch the storm dragon simulacrum!
The storm dragon simulacrum shudders as magic cascades through it!!!
Okay, then.
Unknown command.
Key pressed, stopping explore.
An ice dragon and 2 ice dragon simulacra come into view.
The ice dragon roars deafeningly!
A storm dragon simulacrum comes into view.
The ice dragon simulacrum moves out of view.
There are monsters nearby!
An ice dragon simulacrum and 2 storm dragon simulacra come into view.
Okay, then.
As you read the scroll of immolation {!r!r}, it crumbles to dust.
The creatures around you are filled with an inner flame!
The ice dragon simulacrum misses you.
The ice dragon simulacrum completely misses you.
The ice dragon simulacrum tramples you but does no damage.
The ice dragon breathes frost at you.
The blast of cold hits the ice dragon simulacrum.
The ice dragon simulacrum completely resists.
The blast of cold misses you.
You punch the ice dragon simulacrum!
Flame seeps out of the ice dragon simulacrum.
The ice dragon simulacrum begins to glow.
The ice dragon simulacrum misses you. The ice dragon simulacrum claws you.
The ice dragon simulacrum freezes you! You resist.
The ice dragon simulacrum tramples you but does no damage.
The ice dragon simulacrum is engulfed in blazing flames.
Flame seeps out of the ice dragon simulacrum.
The ice dragon simulacrum bites you. The ice dragon simulacrum freezes you.
You resist. The ice dragon simulacrum claws you.
The ice dragon simulacrum freezes you. You resist.
The ice dragon simulacrum closely misses you. 😮 HP[-33]
You take 33 damage, and now have 83/116 hp.
MASSIVE DAMAGE!! (PAUSE)
You punch the ice dragon simulacrum!
The ice dragon simulacrum explodes!
The fiery explosion engulfs the ice dragon!!!!
The ice dragon is burned terribly!
Flame seeps out of the ice dragon.
The fiery explosion engulfs the storm dragon simulacrum!!
The storm dragon simulacrum melts!
Flame seeps out of the storm dragon simulacrum.
The fiery explosion engulfs the ice dragon simulacrum!!!!
The ice dragon simulacrum melts!
The fiery explosion engulfs you!!!
* * * LOW HITPOINT WARNING * * *
The fiery explosion engulfs the storm dragon simulacrum!!
The storm dragon simulacrum melts!
Flame seeps out of the storm dragon simulacrum.
The fiery explosion engulfs the ice dragon simulacrum!!!
The ice dragon simulacrum melts!
The ice dragon simulacrum explodes!
The fiery explosion engulfs the storm dragon simulacrum!!!
The storm dragon simulacrum melts!
The fiery explosion engulfs the ice dragon!!!
The ice dragon is burned terribly!
The fiery explosion engulfs the storm dragon simulacrum!!
The storm dragon simulacrum melts!
The fiery explosion engulfs the storm dragon simulacrum!!!!
The storm dragon simulacrum melts!
The storm dragon simulacrum explodes!
The fiery explosion engulfs you!!
You die...

Skill      XL: |  1  2  3  4  5  6  7  8  9 10 11 12 13 |
---------------+----------------------------------------+-----
Fighting       | 2 3 4 8 9 10 11 | 11.5
Unarmed Combat | 4 5 7 8 10 12 13 14 | 14.0
Dodging        | 4 8 10 11 | 11.1
Shapeshifting  | 6 9 10 12 13 | 13.0
Evocations     | 6 |  6.0

Action                     |  1- 3 |  4- 6 |  7- 9 | 10-12 | 13-15 || total
---------------------------+-------+-------+-------+-------+-------++-------
  Melee: Unarmed           |    85 |   155 |   460 |   921 |   327 ||  1948
         Tailslap          |     9 |    23 |    91 |   192 |    77 ||   392
         Punch             |       |     6 |    33 |    22 |       ||    61
  Throw: Dart              |       |       |     4 |     1 |       ||     5
 Invoke: Sacrifice Arcana  |       |       |     1 |       |       ||     1
         Sacrifice Experie |       |       |     1 |       |       ||     1
         Sacrifice Purity  |       |       |       |     1 |       ||     1
         Sacrifice Stealth |       |       |       |     1 |       ||     1
         Sacrifice Love    |       |       |       |     1 |       ||     1
         Reject Sacrifices |       |       |       |       |     1 ||     1
Ability: Breathe Frost     |       |       |     4 |    12 |       ||    16
  Evoke: Wand              |       |       |     3 |    15 |    14 ||    32
    Use: Potion            |       |     1 |     4 |     4 |       ||     9
         Scroll            |       |     3 |    16 |     8 |     2 ||    29
   Stab: Sleeping          |     1 |     2 |     1 |     3 |       ||     7
         Paralysed         |       |       |     3 |     4 |     5 ||    12
         Distracted        |       |       |     2 |     2 |     1 ||     5
         Petrifying        |       |       |       |     2 |       ||     2
         Invisible         |       |       |       |     1 |     2 ||     3
         Petrified         |       |       |       |     1 |       ||     1
         Confused          |       |       |       |       |     2 ||     2
 Armour: Skin              |    23 |    51 |   142 |   196 |    96 ||   508
  Dodge: Dodged            |    45 |    60 |   243 |   528 |   193 ||  1069
   Form: Flux              |       |       |       |     1 |       ||     1

Levels and vault maps discovered:
D:1:      dpeg_arrival_rooms_c, layout_basic
D:2:      layout_basic, chequers_ecumenical_altar_simple_redux, serial_shops,
          nicolae_shop_crystal, uniq_terence
D:3:      layout_basic, chequers_serial_rivers_small_b,
          minmay_misc_feat_enclosed
D:4:      layout_basic, mainiacjoe_overflow_six_doors_small,
          nicolae_ossuary_entry_giza, uniq_crazy_yiuf_cottage
D:5:      layout_cave_pods, fiery_altar_vehumet,
          nicolae_wu_jian_immortal_techniques,
          minmay_temple_entry_drinking_statues, gammafunk_ghost_arena, uniq_ijyb
D:6:      minmay_angry_zag, layout_gridville, serial_shops,
          nicolae_shop_tiny_real_fake_doors
D:7:      layout_loops_ring, mainiacjoe_overflow_24_doors,
          gammafunk_ghost_necromancy, dreamdust_wishing_well, grunt_tough_drop
D:8:      layout_cave_pools, kiku_gazebo_garden_becter,
          mainiacjoe_overflow_catwalk, lemuel_tele_altar,
          serial_co_window_serial, co_window_paths_b, co_window_paths_a,
          co_window_paths_b, co_window_paths_a, co_window_paths_b,
          co_window_unsneaky_path_a, co_window_cross_4, co_window_paths_c
D:9:      layout_roguey [special_room_orc]
D:10:     layout_long_grid, nicolae_overflow_hidden_temple, lair_entry_dummy,
          uniq_amaemon
D:11:     layout_stronghold
D:12:     cheibrodos_histonic, layout_loops_corners, david_orc_3
D:15:     grunt_enter_depths_snipers, layout_irregular_city,
          minmay_fountain_box, portal_ice_cave_entry_ice_statue_two,
          minmay_variable_closet, guppyfry_shop_venom, uniq_nessos
Temple:   zaba_magenta_temple
Lair:1:   layout_cave_pods, serial_bayou_shore_a
Lair:2:   layout_small_grid, nicolae_snake_entry_warm_welcome, st_stairs_9,
          cheibrodos_lair_reptile_den, lemuel_fruit_tree
Lair:3:   layout_regular_city, palyth_hydra_swamp_entry,
          nicolae_volcano_entry_s_turn, nzn_random_ring, grunt_megastairs_2
Lair:4:   layout_misc_corridors, minmay_slime_entry_pillars,
          nicolae_lair_lil_pond, serial_bayou_lagoon_b, uniq_josephine,
          uniq_sonja
Lair:5:   evil_forest, layout_long_grid
IceCv:    ice_cave_small_dragons

Notes
Turn   | Place    | Note
-------+----------+-------------------------------------------
     0 | D:1      | MackTheKnife the Draconian Shapeshifter began the quest for
                  | the Orb.
     0 | D:1      | Reached XP level 1. HP: 16/16 MP: 1/1
     0 | D:1      | magus.rc [v1.9.6]
   100 | D:1      | Reached XP level 2. HP: 24/24 MP: 2/2
   217 | D:1      | Reached skill level 2 in Fighting
   247 | D:1      | You pick up a book of the Warp and begin reading...
   247 | D:1      | You add the spells Manifold Assault, Dispersal and
                  | Disjunction to your library.
   811 | D:2      | Reached XP level 3. HP: 30/30 MP: 3/3
   899 | D:2      | Found Jeirytop's Antique Weapon Shop.
  1329 | D:2      | Found a faded altar of an unknown god.
  1329 | D:2      | Noticed Terence
  1336 | D:2      | Killed Terence
  1337 | D:2      | Reached skill level 3 in Fighting
  1337 | D:2      | Reached skill level 4 in Unarmed Combat
  1337 | D:2      | Reached XP level 4. HP: 33/38 MP: 4/4
  1511 | D:2      | magus.rc [v1.9.6]
  2326 | D:4      | Reached XP level 5. HP: 40/46 MP: 5/5
  2405 | D:4      | Reached skill level 4 in Fighting
  2479 | D:4      | Found a sand-covered staircase.
  2518 | Ossuary  | Entered an ossuary
  2568 | Ossuary  | Reached skill level 5 in Unarmed Combat
  2631 | Ossuary  | Reached XP level 6. HP: 36/52 MP: 6/6
  2890 | D:4      | You pick up a book of Debilitation and begin reading...
  2890 | D:4      | You add the spells Slow, Vampiric Draining and Confusing
                  | Touch to your library.
  3079 | D:4      | Reached skill level 6 in Unarmed Combat
  3169 | D:4      | You pick up a book of Party Tricks and begin reading...
  3169 | D:4      | You add the spells Apportation and Alistair's Intoxication
                  | to your library.
  3178 | D:4      | Found a hazy altar of Hepliaklqana.
  3277 | D:4      | Found a runed translucent door.
  3278 | D:4      | Noticed Crazy Yiuf
  3347 | D:5      | Entered Level 5 of the Dungeon
  3347 | D:5      | Found a staircase to the Ecumenical Temple.
  3355 | Temple   | Entered the Ecumenical Temple
  3374 | Temple   | Became a worshipper of Ru the Awakened
  3599 | D:5      | Found a radiant altar of Vehumet.
  3618 | D:5      | Reached skill level 7 in Unarmed Combat
  3618 | D:5      | Your scales start taking on an icy white colour.
  3618 | D:5      | Reached XP level 7. HP: 53/59 MP: 7/7
  3618 | D:5      | Gained mutation: Your flesh is cold resistant. (rC+) [White
                  | Draconian growth]
  3737 | D:5      | Found a transporter.
  3886 | D:5      | Noticed Maratek's ghost (amateur DrCj)
  3888 | D:5      | Found a transporter.
  3988 | D:5      | Found an ornate altar of the Wu Jian Council.
  4004 | D:5      | Noticed Ijyb
  4017 | D:5      | Killed Ijyb
  4324 | D:6      | Reached skill level 8 in Unarmed Combat
  4324 | D:6      | Reached skill level 2 in Dodging
  4346 | D:6      | Reached skill level 3 in Dodging
  4520 | D:6      | Reached skill level 4 in Dodging
  4526 | D:6      | Reached XP level 8. HP: 21/67 MP: 8/8
  4539 | D:6      | Reached skill level 5 in Fighting
  4655 | D:6      | Gained mutation: You cannot study or cast Fire magic. [Ru
                  | sacrifice]
  4655 | D:6      | Gained mutation: You cannot study or cast Hexes magic. [Ru
                  | sacrifice]
  4655 | D:6      | Gained mutation: You cannot study or cast Summoning magic.
                  | [Ru sacrifice]
  4655 | D:6      | Reached * piety under Ru
  4856 | D:6      | Found Ticeqed's General Store.
  4976 | D:6      | Reached skill level 6 in Fighting
  5283 | D:7      | Reached skill level 7 in Fighting
  5398 | D:7      | Reached skill level 8 in Fighting
  5478 | D:7      | Found a blossoming altar of Fedhas.
  5902 | D:7      | Reached XP level 9. HP: 70/81 MP: 9/9
  5968 | D:7      | Identified the +1 robe "Xuarif" {rElec rPois MP-9 Dex+5}
  6017 | D:7      | Reached skill level 9 in Unarmed Combat
  6219 | D:7      | Reached skill level 10 in Unarmed Combat
  6385 | D:7      | Found a runed translucent gate.
  6385 | D:7      | Found a runed translucent gate.
  6386 | D:7      | Found a runed translucent gate.
  6387 | D:7      | Noticed a spectral unseen horror
  6390 | D:7      | Noticed a spectral unseen horror
  6391 | D:7      | Noticed Zgarb's ghost (novice VSBr)
  6530 | D:7      | Identified the +1 scale mail of Desmaos {rPois Int+6}
  6691 | D:8      | Found a white marble altar of Elyvilon.
  6693 | D:8      | Noticed a two-headed ogre
  6726 | D:8      | Killed a two-headed ogre
  6727 | D:8      | Reached skill level 6 in Dodging
  7270 | D:8      | Reached skill level 7 in Dodging
  7372 | D:8      | Reached XP level 10. HP: 80/88 MP: 10/10
  7756 | D:8      | Gained mutation: You are somewhat inexperienced. (-1 XL)
                  | [Ru sacrifice]
  7756 | D:8      | Reached XP level 9. HP: 78/78 MP: 9/9
  7756 | D:8      | Reached ** piety under Ru
  7792 | D:8      | Reached skill level 4 in Shapeshifting
  7853 | D:8      | Reached skill level 8 in Dodging
  7858 | D:8      | Reached skill level 5 in Shapeshifting
  7995 | D:8      | Found an ancient bone altar of Kikubaaqudgha.
  8052 | D:8      | Found a glowing silver altar of Zin.
  8440 | D:9      | Reached skill level 6 in Shapeshifting
  8763 | D:9      | Reached skill level 9 in Fighting
  8950 | D:9      | Noticed a two-headed ogre
  8956 | D:9      | Killed a two-headed ogre
  8957 | D:9      | Reached XP level 10. HP: 74/91 MP: 10/10
  9176 | D:9      | Reached skill level 11 in Unarmed Combat
  9262 | D:10     | Entered Level 10 of the Dungeon
  9394 | D:10     | Found a staircase to the Lair.
  9431 | D:10     | Found an opulent altar of Gozag.
  9465 | D:10     | Reached skill level 10 in Fighting
  9521 | D:10     | You pick up a book of Burglary and begin reading...
  9521 | D:10     | You add the spells Passwall and Swiftness to your library.
  9589 | D:10     | Noticed Amaemon
  9645 | D:10     | Killed Amaemon
  9773 | D:10     | Noticed a two-headed ogre
  9779 | D:10     | Killed a two-headed ogre
  9780 | D:10     | Reached skill level 12 in Unarmed Combat
 10347 | D:10     | Gained mutation: You are weak. (Str -2) [potion of
                  | mutation]
 10347 | D:10     | Gained mutation: Your mind is acute. (Int +4, Str/Dex -1)
                  | [potion of mutation]
 10348 | D:10     | Lost mutation: Your mind is acute. (Int +4, Str/Dex -1)
                  | [potion of mutation]
 10348 | D:10     | Lost mutation: You are weak. (Str -2) [potion of mutation]
 10348 | D:10     | Gained mutation: You occasionally lose the ability to drink
                  | potions when taking damage. [potion of mutation]
 10348 | D:10     | Gained mutation: Your spells are a little harder to cast,
                  | but a little more powerful. [potion of mutation]
 10349 | D:10     | Lost mutation: You occasionally lose the ability to drink
                  | potions when taking damage. [potion of mutation]
 10349 | D:10     | Lost mutation: Your spells are a little harder to cast, but
                  | a little more powerful. [potion of mutation]
 10349 | D:10     | Gained mutation: Your spells are a little harder to cast,
                  | but a little more powerful. [potion of mutation]
 10395 | Lair:1   | Entered Level 1 of the Lair of Beasts
 10423 | Lair:1   | Gained mutation: You are clumsy. (Dex -2) [Ru sacrifice]
 10423 | Lair:1   | Reached *** piety under Ru
 10654 | Lair:1   | Reached skill level 7 in Shapeshifting
 11247 | Lair:1   | Reached skill level 8 in Shapeshifting
 11438 | Lair:2   | Reached skill level 9 in Shapeshifting
 11451 | Lair:2   | Noticed a four-headed hydra
 11461 | Lair:2   | Killed a four-headed hydra
 11462 | Lair:2   | Reached XP level 11. HP: 40/99 MP: 11/11
 12014 | Lair:2   | Reached skill level 10 in Shapeshifting
 12167 | Lair:2   | Noticed a five-headed hydra
 12176 | Lair:2   | Killed a five-headed hydra
 12297 | Lair:2   | Found a staircase to the Snake Pit.
 12314 | Lair:2   | Reached skill level 9 in Dodging
 12533 | Lair:3   | Gained mutation: You cannot be stealthy. [Ru sacrifice]
 12533 | Lair:3   | Reached **** piety under Ru
 12545 | Lair:3   | You fall into a shaft and drop 1 floor!
 12634 | Lair:4   | Found a staircase to the Slime Pits.
 12683 | Lair:4   | Reached skill level 10 in Dodging
 12711 | Lair:4   | Noticed Josephine
 12744 | Lair:3   | Found a dark tunnel.
 12749 | Volcano  | Entered a volcano
 12809 | Volcano  | Noticed a two-headed ogre
 12813 | Volcano  | Killed a two-headed ogre
 12833 | Volcano  | Noticed a red draconian
 12847 | Volcano  | Killed a red draconian
 12936 | Volcano  | Noticed an ogre mage
 12936 | Volcano  | Noticed a two-headed ogre
 12938 | Volcano  | Noticed a two-headed ogre
 12944 | Volcano  | Killed a two-headed ogre
 12945 | Volcano  | Reached skill level 13 in Unarmed Combat
 12952 | Volcano  | Killed an ogre mage
 12957 | Volcano  | Killed a two-headed ogre
 13012 | Volcano  | E - a +1 quick blade of flaming {shortrare=g}
 13014 | Volcano  | You drop a +1 quick blade of flaming {shortrare=g}.
 13226 | Lair:3   | Reached XP level 12. HP: 93/106 MP: 12/12
 13296 | Lair:3   | Reached skill level 14 in Unarmed Combat
 13345 | Lair:3   | Reached skill level 1 in Evocations
 13432 | Lair:3   | Reached skill level 2 in Evocations
 13447 | Lair:3   | Reached skill level 3 in Evocations
 13470 | Lair:3   | Reached skill level 4 in Evocations
 13575 | Lair:3   | Reached skill level 5 in Evocations
 13634 | Lair:3   | Identified a scroll of acquirement
 13634 | Lair:3   | Acquired the ring "Jefonn" {rElec rPois rC+}
 13654 | Lair:3   | Reached skill level 6 in Evocations
 14270 | Lair:3   | Found a staircase to the Swamp.
 14443 | Lair:4   | Noticed Sonja
 14463 | Lair:4   | Killed Sonja
 14514 | Lair:4   | Gained mutation: You are hated by all. [Ru sacrifice]
 14514 | Lair:4   | Reached ***** piety under Ru
 14612 | Lair:4   | Killed Josephine
 14613 | Lair:4   | Reached skill level 11 in Shapeshifting
 14972 | Lair:5   | Entered Level 5 of the Lair of Beasts
 15010 | Lair:5   | You add the spells Ozocubu's Armour and Ozocubu's
                  | Refrigeration to your library.
 15112 | Lair:5   | You pick up a book of Party Tricks and begin reading...
 15373 | Lair:5   | Reached skill level 12 in Shapeshifting
 15645 | Lair:5   | Reached XP level 13. HP: 113/113 MP: 13/13
 15742 | Lair:5   | Found a burning altar of Makhleb.
 15824 | Lair:5   | Found a gateway to Hell.
 15838 | Lair:5   | Reached skill level 13 in Shapeshifting
 17115 | D:12     | Found a runed translucent door.
 17382 | D:12     | You add the spells Borgnjor's Vile Clutch and Eringya's
                  | Noxious Bog to your library.
 17478 | D:12     | Found a runed translucent door.
 17615 | D:12     | Found a staircase to the Orcish Mines.
 18101 | D:12     | You fall into a shaft and drop 3 floors!
 18101 | D:15     | Entered Level 15 of the Dungeon
 18111 | D:15     | Found Setotrem's Serpentskin Sales.
 18232 | D:15     | Found a frozen archway.
 18240 | D:15     | Reached skill level 11 in Fighting
 18350 | IceCv    | Entered an ice cave
 18379 | IceCv    | Reached skill level 11 in Dodging
 18477 | IceCv    | Killed by an exploding storm dragon simulacrum... ignited
                  | by their inner flame

Vanquished Creatures
  A red draconian (Volcano)
  Josephine (Lair:4)
  3 ice dragons (IceCv)
  An ogre mage (Volcano)
  5 hydras
  4 boulder beetles
  4 death yaks (Lair:3)
  7 two-headed ogres
  A naga sharpshooter (D:15)
  Sonja (Lair:4)
  Amaemon (D:10)
  A sun demon (Lair:5)
  2 wizards
  A salamander (Lair:2)
  A cyclops (D:11)
  3 ugly things (D:15)
  5 elephants
  A torpor snail (Lair:5)
  A smoke demon (Lair:5)
  2 ice statues (D:15)
  5 black mambas
  6 storm dragon simulacra (IceCv)
  A gargoyle (D:12)
  3 orange demons
  A cane toad (shapeshifter) (D:15)
  12 cane toads
  6 rime drakes
  15 komodo dragons
  3 ice devils (Lair:5)
  2 trolls
  A golden dragon simulacrum (IceCv)
  A red devil (Lair:5)
  3 polar bears
  5 blink frogs (Lair:3)
  A tyrant leech (Lair:3)
  11 dream sheep
  6 slime creatures (D:12)
  6 wraiths
  47 yaks
  A shadow (D:12)
  4 wyverns
  10 vampire mosquitoes
  4 basilisks
  A steam dragon (Lair:3)
  A warg (D:12)
  4 acid dragons
  3 swamp worms (Lair:3)
  A naga (D:15)
  22 water moccasins
  3 hell hounds (Lair:5)
  5 orc warriors
  3 black bears
  3 ice beasts
  2 sky beasts (D:7)
  4 ice dragon simulacra (IceCv)
  2 ogres
  A kobold brigand (D:7)
  13 bullfrogs
  A gnoll sergeant (D:7)
  12 wights
  8 killer bees
  2 electric eels
  7 howler monkeys
  6 orc priests
  3 hounds
  9 jellies
  4 sleepcaps
  Terence (D:2)
  7 iguanas
  Ijyb (D:5)
  13 orc wizards
  6 hell rats (Lair:3)
  9 mummies
  6 adders
  2 shadow imps (D:8)
  2 white imps
  2 ufetubi
  A worm (D:3)
  2 dart slugs
  36 orcs
  6 ball pythons
  7 endoplasms
  3 giant cockroaches
  2 gnoll zombies (Ossuary)
  8 goblins
  5 hobgoblins
  3 quokkas
  3 bats (D:1)
  5 frilled lizards
  A goblin zombie (D:4)
  2 hobgoblin zombies (Ossuary)
  14 kobolds
  2 kobold zombies (Ossuary)
  3 orc zombies
  4 rats
476 creatures vanquished.

Vanquished Creatures (others)
  A hydra (Lair:2)
  An elephant (Lair:2)
  A komodo dragon (Lair:3)
  A wyvern (Lair:1)
  A swamp worm (Lair:3)
  A jelly (D:5)
  An iguana (D:6)
7 creatures vanquished.

Grand Total: 483 creatures vanquished

Table legend:
 A = Non-vault XP
 B = Vault XP
 C = Vault XP percentage of total XP
 D = Non-vault monster count
 E = Vault monster count
 F = Vault count percentage of total count
                 A         B        C        D         E       F
            +---------+---------+-------+---------+---------+-------
      Total |   51762 |   37869 |  42.2 |     323 |     159 |  33.0
            +---------+---------+-------+---------+---------+-------
        D:1 |      28 |       0 |   0.0 |      16 |       0 |   0.0
        D:2 |      42 |      36 |  46.2 |      20 |       1 |   4.8
        D:3 |      54 |       0 |   0.0 |      10 |       0 |   0.0
        D:4 |     321 |      20 |   5.9 |      22 |       3 |  12.0
        D:5 |     340 |      35 |   9.3 |      10 |       1 |   9.1
        D:6 |     780 |     119 |  13.2 |      15 |       4 |  21.1
        D:7 |    1413 |     608 |  30.1 |      32 |       6 |  15.8
        D:8 |    4367 |       3 |   0.1 |      31 |       1 |   3.1
        D:9 |    3247 |     625 |  16.1 |      21 |      23 |  52.3
       D:10 |    1812 |    1170 |  39.2 |      10 |       2 |  16.7
       D:11 |    1869 |       0 |   0.0 |       8 |       0 |   0.0
       D:12 |    4977 |     853 |  14.6 |      18 |       7 |  28.0
       D:15 |    3504 |    1669 |  32.3 |       6 |       4 |  40.0
     Lair:1 |    2916 |     389 |  11.8 |      15 |       1 |   6.2
     Lair:2 |    6898 |    2007 |  22.5 |      26 |       5 |  16.1
     Lair:3 |    7197 |    7782 |  52.0 |      20 |      31 |  60.8
     Lair:4 |    6956 |    2398 |  25.6 |      27 |       9 |  25.0
     Lair:5 |    5041 |    9944 |  66.4 |      16 |      26 |  61.9
    Ossuary |       0 |     151 | 100.0 |       0 |      16 | 100.0
      IceCv |       0 |    5883 | 100.0 |       0 |      14 | 100.0
    Volcano |       0 |    4177 | 100.0 |       0 |       5 | 100.0
            +---------+---------+-------+---------+---------+-------

Skill      XL: |  1  2  3  4  5  6  7  8  9 10 11 12 13 |
---------------+----------------------------------------+-----
Fighting       | 2 3 4 8 9 10 11 | 11.5
Unarmed Combat | 4 5 7 8 10 12 13 14 | 14.0
Dodging        | 4 8 10 11 | 11.1
Shapeshifting  | 6 9 10 12 13 | 13.0
Evocations     | 6 |  6.0

Action                     |  1- 3 |  4- 6 |  7- 9 | 10-12 | 13-15 || total
---------------------------+-------+-------+-------+-------+-------++-------
  Melee: Unarmed           |    85 |   155 |   460 |   921 |   327 ||  1948
         Tailslap          |     9 |    23 |    91 |   192 |    77 ||   392
         Punch             |       |     6 |    33 |    22 |       ||    61
  Throw: Dart              |       |       |     4 |     1 |       ||     5
 Invoke: Sacrifice Arcana  |       |       |     1 |       |       ||     1
         Sacrifice Experie |       |       |     1 |       |       ||     1
         Sacrifice Purity  |       |       |       |     1 |       ||     1
         Sacrifice Stealth |       |       |       |     1 |       ||     1
         Sacrifice Love    |       |       |       |     1 |       ||     1
         Reject Sacrifices |       |       |       |       |     1 ||     1
Ability: Breathe Frost     |       |       |     4 |    12 |       ||    16
  Evoke: Wand              |       |       |     3 |    15 |    14 ||    32
    Use: Potion            |       |     1 |     4 |     4 |       ||     9
         Scroll            |       |     3 |    16 |     8 |     2 ||    29
   Stab: Sleeping          |     1 |     2 |     1 |     3 |       ||     7
         Paralysed         |       |       |     3 |     4 |     5 ||    12
         Distracted        |       |       |     2 |     2 |     1 ||     5
         Petrifying        |       |       |       |     2 |       ||     2
         Invisible         |       |       |       |     1 |     2 ||     3
         Petrified         |       |       |       |     1 |       ||     1
         Confused          |       |       |       |       |     2 ||     2
 Armour: Skin              |    23 |    51 |   142 |   196 |    96 ||   508
  Dodge: Dodged            |    45 |    60 |   243 |   528 |   193 ||  1069
   Form: Flux              |       |       |       |     1 |       ||     1

Illustrated notes

Table legend:
 A = Kills in this place as a percentage of kills in the entire game.
 B = Kills by you in this place as a percentage of kills by you in the entire game.
 C = Kills by friends in this place as a percentage of kills by friends in the entire game.
 D = Other kills in this place as a percentage of other kills in the entire game.
 E = Experience gained in this place as a percentage of experience gained in the entire game.
 F = Experience gained in this place divided by the number of levels of this place that you have seen.
                   A       B       C       D       E      F
               +-------+-------+-------+-------+-------+----------------------
         Total | 100.0 | 100.0 |   N/A | 100.0 | 100.0 | 4074.1
       Dungeon |  56.2 |  56.7 |   N/A |  16.7 |  31.1 | 2145.5
          Lair |  36.5 |  35.9 |   N/A |  83.3 |  57.5 | 10305.6
       Ossuary |   3.3 |   3.4 |   N/A |   0.0 |   0.2 | 151.0
      Ice Cave |   2.9 |   2.9 |   N/A |   0.0 |   6.6 | 5883.0
       Volcano |   1.0 |   1.1 |   N/A |   0.0 |   4.7 | 4177.0
               +-------+-------+-------+-------+-------+----------------------

Table legend: (Time is in decaauts)
 A = Elapsed time spent in this place.
 B = Non-inter-level travel time spent in this place.
 C = Inter-level travel time spent in this place.
 D = Time resting spent in this place.
 E = Time spent auto-exploring this place.
 F = Levels seen in this place.
 G = Mean time per level.
                   A        B        C        D        E       F      G
               +--------+--------+--------+--------+--------+-----+--------+
         Total |  18114 |  17177 |    937 |   1897 |  11396 |  22 |  823.4 |
       Dungeon |  12042 |  11379 |    663 |   1298 |   8002 |  13 |  926.3 |
        Temple |     36 |     19 |     17 |      0 |      0 |   1 |   36.0 |
          Lair |   5292 |   5035 |    257 |    444 |   3147 |   5 | 1058.4 |
       Ossuary |    327 |    327 |      0 |     58 |    141 |   1 |  327.0 |
      Ice Cave |    119 |    119 |      0 |     29 |     36 |   1 |  119.0 |
       Volcano |    295 |    295 |      0 |     68 |     70 |   1 |  295.0 |
               +--------+--------+--------+--------+--------+-----+--------+

Top non-repeatable levels by time:
     D:7: 1674 daAuts
     D:8: 1529 daAuts
  Lair:3: 1347 daAuts
  Lair:2: 1136 daAuts
    D:10: 1083 daAuts
  Lair:5: 1044 daAuts
    D:12: 1027 daAuts
     D:6: 972 daAuts
  Lair:1: 928 daAuts
    D:11: 852 daAuts
  Lair:4: 835 daAuts
     D:2: 824 daAuts
     D:4: 814 daAuts
     D:3: 794 daAuts
     D:5: 778 daAuts
